 Dungeon Crawl Stone Soup version 0.21-a0-329-g12f17e1 (webtiles) character file.

102 vishdafish the Poker (level 4, -6/33 HPs)
             Began as a Demonspawn Skald on Oct 1, 2017.
             Mangled by Sigmund
             ... wielding a +0 scythe
              (10 damage)
             ... on level 3 of the Dungeon.
             The game lasted 00:08:16 (3134 turns).

vishdafish the Poker (Demonspawn Skald)             Turns: 3134, Time: 00:08:17

Health: -6/33      AC:  7    Str: 11    XL:     4   Next: 50%
Magic:  0/7        EV: 12    Int: 15    God:
Gold:   86         SH:  0    Dex: 13    Spells: 6/7 levels left

rFire    . . .     SeeInvis .   a - +0 spear
rCold    . . .     Gourm    .   (no shield)
rNeg     . . .     Faith    .   b - +0 leather armour
rPois    .         Spirit   .   t - +0 helmet
rElec    .         Reflect  .   (no cloak)
rCorr    .         Harm     .   (no gloves)
MR       .....                  i - +0 pair of boots
Stlth    +.........             (no amulet)
HPRegen  0.11/turn              (no ring)
MPRegen  0.10/turn              (no ring)

@: infused
A: claws 1, icy blue scales 1, rot immunity
a: no special abilities


You were on level 3 of the Dungeon.
You were not hungry.

You visited 1 branch of the dungeon, and saw 3 of its levels.

You collected 86 gold pieces.

Inventory:

Hand Weapons
 a - a +0 spear (weapon)
 g - a +0 dagger of electrocution
Armour
 b - a +0 leather armour (worn)
 i - a +0 pair of boots (worn)
 t - a +0 helmet (worn)
Jewellery
 p - an uncursed ring of ice
Scrolls
 e - a scroll of blinking {unknown}
 m - a scroll of teleportation {unknown}
 n - a scroll of magic mapping {unknown}
 o - a scroll of recharging {unknown}
 q - 2 scrolls of identify {unknown}
 s - a scroll of amnesia {unknown}
Potions
 f - a potion of curing
 h - a potion of flight
 k - a potion of might {unknown}
 r - a potion of resistance {unknown}
Books
 c - a book of Battle

   Spells                             Type                      Level
   a - Infusion                       Charms                       1
   b - Shroud of Golubria             Charms/Translocation         2
   c - Song of Slaying                Charms                       2
   d - Spectral Weapon                Hexes/Charms                 3
   e - Regeneration                   Charms/Necromancy            3
Comestibles
 d - a bread ration
 j - 2 meat rations
 l - 3 royal jellies


   Skills:
 - Level 2.0 Fighting
 * Level 3.8 Polearms
 - Level 1.0 Armour
 * Level 2.2 Dodging
 - Level 2.1 Spellcasting
 - Level 3.0 Charms


You had 6 spell levels left.
You knew the following spells:

 Your Spells              Type           Power        Failure   Level  Hunger
a - Infusion              Chrm           ##..         9%          1    #......


Dungeon Overview and Level Annotations

Branches:
Dungeon (3/15)

Altars:
Nemelex Xobeh
Xom

Annotations:
D:3 Sigmund; arkorax's ghost, amateur NaMo


Innate Abilities, Weirdness & Mutations

You have sharp fingernails.
You are partially covered in icy blue scales. (AC +2)
You are immune to rotting.


Message History

* * * LOW HITPOINT WARNING * * *
You hit arkorax's ghost.
Arkorax's ghost is heavily damaged.
Arkorax's ghost hits you.
* * * LOW HITPOINT WARNING * * *
The rat bites you but does no damage.
You hit arkorax's ghost.
Arkorax's ghost is severely damaged.
Arkorax's ghost hits you but does no damage.
Something hits you.
* * * LOW HITPOINT WARNING * * *
The rat closely misses you.
You hit arkorax's ghost.
Arkorax's ghost is severely damaged.
Arkorax's ghost hits you but does no damage.
The rat bites you but does no damage.
You hit arkorax's ghost.
Arkorax's ghost is almost destroyed.
Something hits you!
You die...

#######......###....#...W..#
.........##.## ...........#
#######.###)# #........# #
#..##.# ..#.<...# ###..#.#
#.#.....### #.##...##.#
#.#.......# #.........#
###.#.....#...
#.###...#####......?..# ## #
##.#####.#{r@W.#..#..#..#
##+##.....#....######...###.#
...<.@.......### #....# ..#
...........#.# ...#... ...
.............# ####.... ..
#####.#....... .... #
#......... ..... # ####.>....
. ......


You could see arkorax's ghost and a rat.

Vanquished Creatures
  Robin (D:2)
  2 adders
  An ooze (D:1)
  A worm (D:2)
  2 dart slugs
  2 leopard geckos (D:2)
  6 bats
  A giant cockroach (D:1)
  14 goblins
  7 hobgoblins
  A quokka (D:3)
  2 ball pythons
  3 frilled lizards
  8 kobolds
  6 rats
57 creatures vanquished.

Notes
Turn   | Place    | Note
-------+----------+-------------------------------------------
     0 | D:1      | vishdafish the Demonspawn Skald began the quest for the Orb.
     0 | D:1      | Reached XP level 1. HP: 16/16 MP: 3/3
    55 | D:1      | Reached skill level 1 in Armour
   109 | D:1      | Gained mutation: You have sharp fingernails. [demonic ancestry]
   109 | D:1      | Reached XP level 2. HP: 8/22 MP: 3/5
   193 | D:1      | HP: 1/22 [hobgoblin/club (5)]
   957 | D:1      | Gained mutation: You are immune to rotting. [demonic ancestry]
   957 | D:1      | Reached XP level 3. HP: 27/27 MP: 1/6
  1902 | D:2      | Noticed Robin
  1921 | D:2      | HP: 1/27 [goblin[Robin] (4)]
  1925 | D:2      | Killed Robin
  1925 | D:2      | Gained mutation: You are partially covered in icy blue scales. (AC +2) [demonic ancestry]
  1925 | D:2      | Reached XP level 4. HP: 5/33 MP: 1/7
  2065 | D:2      | Found a sparkling altar of Nemelex Xobeh.
  2125 | D:2      | Found a shimmering altar of Xom.
  2150 | D:2      | Found a shimmering altar of Xom.
  2151 | D:2      | Found a shimmering altar of Xom.
  2152 | D:2      | Found a shimmering altar of Xom.
  2152 | D:2      | Found a shimmering altar of Xom.
  2153 | D:2      | Found a shimmering altar of Xom.
  2154 | D:2      | Found a shimmering altar of Xom.
  2155 | D:2      | Found a shimmering altar of Xom.
  2267 | D:3      | Noticed arkorax's ghost (amateur NaMo)
  2297 | D:3      | Noticed Sigmund
  3134 | D:3      | Mangled by Sigmund

Vault maps used:
D:1:      sevenhm_arrival_forest_fort_small_4
D:2:      xom_redecorated, nicolae_overflow_hidden_temple, minmay_tromino_v2,
          uniq_robin
D:3:      makhleb_grotto_becter, lemuel_round_altar,
          chequers_ecumenical_altar_simple_redux, minivault_14, st_stairs_7,
          uniq_ijyb, uniq_sigmund

Skill      XL: |  1  2  3 |
---------------+----------+-----
Armour         | 1 |  1.0
Polearms       | 2 3 |  3.8
Dodging        | 2 |  2.2
Charms         | 3 |  3.0
Fighting       | |  2.0
Spellcasting   | |  2.1

Action                   |  1- 3 |  4- 6 || total
-------------------------+-------+-------++-------
Melee: Spear             |   154 |    77 ||   231
 Cast: Infusion          |    15 |     9 ||    24
  Use: Potion            |     2 |       ||     2
 Stab: Sleeping          |     1 |       ||     1
  Eat: Chunk             |     3 |     1 ||     4
       Bread ration      |       |     1 ||     1
Armor: Leather armour    |    33 |    21 ||    54
Dodge: Dodged            |    78 |    34 ||   112

Table legend:
 A = Spawn XP
 B = Non-spawn XP
 C = Spawn XP percentage of total XP
 D = Spawn monster count
 E = Non-spawn monster count
 F = Spawn count percentage of total count
 G = Total turns spent on level
                    A         B        C        D         E        F      G
               +---------+---------+-------+---------+---------+-------+---------
         Total |       0 |     147 |   0.0 |       0 |      57 |   0.0 |  3134
               +---------+---------+-------+---------+---------+-------+---------
           D:1 |       0 |      50 |   0.0 |       0 |      26 |   0.0 |  1137
           D:2 |       0 |      72 |   0.0 |       0 |      24 |   0.0 |  1820
           D:3 |       0 |      25 |   0.0 |       0 |       7 |   0.0 |   177
               +---------+---------+-------+---------+---------+-------+---------
